 Dungeon Crawl Stone Soup version 0.18.1-6-gd335043 (webtiles) character file.

32 M4edhros the Shield-Bearer (level 3, 0/29 HPs)
             Began as a Formicid Fighter on May 20, 2016.
             Succumbed to an adder's poison
             ... on level 2 of the Dungeon.
             The game lasted 00:01:31 (854 turns).

M4edhros the Shield-Bearer (Formicid Fighter)        Turns: 854, Time: 00:01:31

Health: 0/29       AC:  8    Str: 25    XL:     3   Next: 42%
Magic:  3/3        EV:  8    Int:  7    God:
Gold:   58         SH: 10    Dex: 11    Spells: 0 memorised, 2 levels left

rFire  . . .     SeeInvis +     a - +0 trident
rCold  . . .     Gourm    .     b - +0 scale mail
rNeg   . . .     Faith    .     c - +0 shield
rPois  .         Spirit   .     (helmet unavailable)
rElec  .         Dismiss  .     (no cloak)
rCorr  .         Reflect  .     (no gloves)
SustAt .         Harm     .     e - +0 pair of boots
MR     .....                    (no amulet)
Stlth  ..........               (no ring)
                                (no ring)

@: mighty, lethally poisoned (0 -> -5), flying, not resistant to hostile
enchantments, extremely unstealthy
A: permanent stasis, dig shafts and tunnels, four strong arms, antennae 3
a: Dig, Shaft Self


You were on level 2 of the Dungeon.
You were not hungry.

You visited 1 branch of the dungeon, and saw 2 of its levels.

You collected 58 gold pieces.

Inventory:

Hand Weapons
 a - a +0 trident (weapon)
Missiles
 o - 7 javelins of penetration (quivered)
Armour
 b - a +0 scale mail (worn)
 c - a +0 shield (worn)
 e - a +0 pair of boots (worn)
Scrolls
 h - 2 scrolls of remove curse {unknown}
 i - a scroll of random uselessness {unknown}
 j - 2 scrolls of fear {unknown}
 k - 2 scrolls of identify {unknown}
 n - a scroll of teleportation {unknown}
Potions
 l - a potion of flight
Comestibles
 f - a bread ration


   Skills:
 - Level 3.2 Fighting
 + Level 3.6 Polearms
 - Level 3.2 Armour
 - Level 3.6 Shields


You had 2 spell levels left.
You didn't know any spells.

Dungeon Overview and Level Annotations

Branches:
Dungeon (2/15)

Altars:


Innate Abilities, Weirdness & Mutations

You are under a permanent stasis effect.
You can dig through walls and to a lower floor.
Your four strong arms can wield two-handed weapons with a shield.
You have a pair of large antennae on your head (SInv).


Message History

The adder poisons you!
You closely miss the adder. The adder closely misses you.
The hobgoblin hits you but does no damage.
The adder bites you but does no damage. You block the hobgoblin's attack.
Your shield and scale mail prevent you from hitting the adder.
* * * LOW HITPOINT WARNING * * *
You feel sick. The adder bites you but does no damage.
The hobgoblin barely misses you. You block the adder's attack.
You miss the adder.
* * * LOW HITPOINT WARNING * * *
You feel sick. You block the adder's attack.
The hobgoblin hits you with a club.
* * * LOW HITPOINT WARNING * * *
Unknown command.
You completely miss the adder. The adder bites you but does no damage.
The hobgoblin closely misses you. You block the adder's attack.
Unknown command.
You puncture the adder!
You kill the adder!
You die...

#. .#.# # #. ...### #
.#.##( ...... #. $# ...
#.#### ##. #.# #.##.####
#... ##.## #........
###...####...###.##.####
#.......#.....##........
>.....)@(...........####
......g.#(.†..##.#..#
#.#....###(.........####
.......###..####........
............####.#.####.
.....#...........#.#
.....#.###<#######.#
...$... #.# #.# . #.#
#.#


You could see a hobgoblin.

Vanquished Creatures
  An adder (D:2)
  A dart slug (D:1)
  A giant gecko (D:2)
  2 ball pythons
  3 bats
  A giant cockroach (D:2)
  3 goblins
  6 kobolds
  A rat (D:1)
19 creatures vanquished.

Notes
Turn   | Place    | Note
--------------------------------------------------------------
     0 | D:1      | M4edhros the Formicid Fighter began the quest for the Orb.
     0 | D:1      | Reached XP level 1. HP: 18/18 MP: 1/1
   223 | D:1      | Reached XP level 2. HP: 24/24 MP: 2/2
   822 | D:2      | Reached XP level 3. HP: 29/29 MP: 3/3
   852 | D:2      | HP: 1/29 [hobgoblin/club (1)]
   854 | D:2      | Succumbed to an adder's poison

Skill      XL: |  1  2 |
---------------+-------+-----
Polearms       | 3 |  3.6
Fighting       | |  3.2
Armour         | |  3.2
Shields        | |  3.6

Action                   || total
-------------------------++-------
Melee: Trident           ||    66
  Use: Potion            ||     4
Armor: Scale mail        ||    31
Dodge: Dodged            ||    14
Block: Shield            ||    47
